 Dungeon Crawl Stone Soup version 0.28.0-62-gf88900778d (webtiles) character file.

Game seed: 6242310015753224702

86 jjjjhere the Skirmisher (level 4, -2/42 HPs)
             Began as a Hill Orc Artificer on Jan 21, 2024.
             Succumbed to Ijyb's poison
             ... on level 3 of the Dungeon.
             The game lasted 00:04:11 (4280 turns).

jjjjhere the Skirmisher (Hill Orc Artificer)        Turns: 4280, Time: 00:04:11

Health: -2/42      AC:  4    Str: 16    XL:     4   Next: 49%
Magic:  4/4        EV: 11    Int: 11    God:
Gold:   43         SH:  0    Dex: 11    Spells: 3/3 levels left

rFire   . . .      SeeInvis .   k - +5 short sword
rCold   . . .      Faith    .   (no shield)
rNeg    . . .      Spirit   .   b - +0 leather armour
rPois   .          Reflect  .   g - +0 helmet
rElec   .          Harm     .   (no cloak)
rCorr   .          Rampage  .   (no gloves)
Will    .....                   (no boots)
Stlth   +.........              (no amulet)
HPRegen 0.14/turn               (no ring)
MPRegen 0.09/turn               (no ring)

@: mighty, lethally poisoned (-2 -> -20), flying
A: no striking features
a: no special abilities


You were on level 3 of the Dungeon.
You visited 1 branch of the dungeon, and saw 3 of its levels.

You collected 43 gold pieces.

Inventory:

Hand Weapons
 a - a +0 club
 k - a +5 short sword (weapon)
Armour
 b - a +0 leather armour (worn)
 g - a +0 helmet (worn)
Wands
 c - a wand of flame (7) (quivered)
 d - a wand of charming (15)
Scrolls
 f - a scroll of fear {unknown}
 h - 2 scrolls of enchant weapon {unknown}
 i - 2 scrolls of identify {unknown}
 j - a scroll of magic mapping {unknown}
 l - 2 scrolls of teleportation {unknown}
Potions
 m - a potion of flight
Miscellaneous
 e - a piece from Xom's chessboard (12/15)


   Skills:
 + Level 5.1 Fighting
 - Level 2.1 Armour
 - Level 0.7 Dodging
 - Level 0.7 Stealth
 - Level 3.0 Evocations


You had 3 spell levels left.
You didn't know any spells.
Your spell library was empty.

Dungeon Overview and Level Annotations

Branches:
Dungeon (3/15)

Altars:
Kikubaaqudgha

Shops:
D:1 *===

Annotations:
D:3 2 transporters


Message History

Ijyb closely misses you.
You hit Ijyb but do no damage.
Ijyb is lightly wounded.
Ijyb hits you with a +0 dagger of venom.
You are poisoned.
You make a move on Xom's chessboard...
Ijyb seems to speed up.
You feel very sick.
Ijyb hits you with a +0 dagger of venom.
You are more poisoned.
Ijyb screams, "Me stronger than you!"
Ijyb hits you with a +0 dagger of venom.
You are more poisoned.
You make a move on Xom's chessboard...
Ijyb struggles to resist.
You feel very sick.
Ijyb hits you with a +0 dagger of venom.
You make a move on Xom's chessboard...
Ijyb is outlined in light.
You feel very sick. Ijyb closely misses you. x2
It was a potion of might.
You feel very mighty all of a sudden.
You feel very sick. Ijyb barely misses you.
It was a potion of flight.
You feel very buoyant.
You fly up into the air.
* * * LOW HITPOINT WARNING * * *
You feel very sick.
Ijyb hits you with a +0 dagger of venom.
* * * LOW HITPOINT WARNING * * *
You are more poisoned.
Ijyb barely misses you.
Okay, then.
You puncture Ijyb!
Ijyb is heavily wounded.
* * * LOW HITPOINT WARNING * * *
You feel very sick. Ijyb barely misses you.
You puncture Ijyb!
You kill Ijyb!
You die...

#.. .... #.# ... # #>#
... # #># #.# # ####.###
#.# # #......###.#####.#
# #.##.............# #
#.####.###.########
#####.# #......@).[..#
......########.######...
........# #.#
#######.######.#
#......... ##########


There were no monsters in sight!

Vanquished Creatures
  Ijyb (D:3)
  3 adders (D:2)
  A worm (D:2)
  A dart slug (D:1)
  An orc (D:3)
  3 ball pythons
  7 endoplasms
  6 hobgoblins
  4 jackals
  2 quokkas
  3 bats (D:1)
  5 frilled lizards
  5 goblins
  5 kobolds
  3 rats
50 creatures vanquished.

Notes
Turn   | Place    | Note
-------+----------+-------------------------------------------
     0 | D:1      | jjjjhere the Hill Orc Artificer began the quest for the
                  | Orb.
     0 | D:1      | Reached XP level 1. HP: 16/16 MP: 1/1
   442 | D:1      | Reached skill level 2 in Fighting
   653 | D:1      | Reached XP level 2. HP: 13/25 MP: 2/2
   956 | D:1      | Found Nopsaud's Jewellery Shoppe.
   974 | D:1      | Found Ihiant's Jewellery Emporium.
  1039 | D:1      | Found Istroshut's Assorted Antiques.
  1111 | D:1      | Reached skill level 3 in Fighting
  1298 | D:1      | Found Arenamuw's Jewellery Boutique.
  1460 | D:1      | Reached XP level 3. HP: 30/31 MP: 3/3
  1704 | D:1      | Found a faded altar of an unknown god.
  2052 | D:2      | HP: 10/31 [worm (5)]
  2276 | D:2      | HP: 9/31 [worm (8)]
  2705 | D:2      | Reached skill level 4 in Fighting
  3139 | D:2      | HP: 10/34 [jackal (3)]
  3376 | D:2      | Reached XP level 4. HP: 41/41 MP: 4/4
  3391 | D:2      | Identified the +1 pair of boots "Nyfun" {rCorr Str+9 Dex-5
                  | Slay-4}
  4038 | D:3      | Reached skill level 5 in Fighting
  4081 | D:3      | Found a transporter.
  4084 | D:3      | Noticed a centaur
  4085 | D:3      | Found an ancient bone altar of Kikubaaqudgha.
  4085 | D:3      | Found a transporter.
  4262 | D:3      | Noticed Ijyb
  4278 | D:3      | HP: 11/42 [poisoned by Ijyb]
  4279 | D:3      | HP: 3/42 [poisoned by Ijyb]
  4280 | D:3      | Killed Ijyb
  4280 | D:3      | Succumbed to Ijyb's poison

Illustrated notes

Levels and vault maps discovered:
D:1:      roderic_dead_forest, layout_basic, serial_shops, shop,
          nicolae_shop_window_shopping, shop, shop,
          shapermc_ecumenical_altar_mp_vishouse
D:2:      layout_basic, kennysheep_generic_room_3
D:3:      layout_loops_ring, nicolae_overflow_hidden_temple,
          gammafunk_temple_overflow_arena, serial_shops, shop, uniq_ijyb,
          uniq_grinder

Skill      XL: |  1  2  3  4 |
---------------+-------------+-----
Fighting       | 2 3 4 5 |  5.1
Armour         | |  2.1
Dodging        | |  0.7
Stealth        | |  0.7
Evocations     | |  3.0

Action                   |  1- 3 |  4- 6 || total
-------------------------+-------+-------++-------
Melee: Club              |   129 |       ||   129
       Short sword       |    13 |    55 ||    68
       Punch             |     1 |       ||     1
Evoke: Wand              |     8 |       ||     8
       Piece from Xom's  |       |     3 ||     3
  Use: Potion            |       |     2 ||     2
 Stab: Sleeping          |     1 |       ||     1
       Distracted        |     1 |       ||     1
Armor: Leather armour    |    45 |     9 ||    54
Dodge: Dodged            |   102 |    31 ||   133
